[Event "*** Monthly 3|2 Blitz Masters"]
[Site "Chess.com"]
[Date "2014.11.25"]
[Round "1"]
[White "JamesColeman"]
[Black "Hafez_Bakr"]
[Result "0-1"]
[WhiteElo "2279"]
[BlackElo "1792"]
[TimeControl "180+2"]
[EndTime "11:03:10 PST"]
[Termination "Hafez_Bakr won by resignation"]

1. d4 Nf6 2. Nf3 e6 3. c3 b6 4.
Bg5 Bb7 5. Nbd2 Be7 6. e3 d5 7. Bd3 Nbd7 8. Qa4 c6 9. Ne5 Nxe5 10. dxe5 Nd7 11. Bxe7 Qxe7 12. f4 O-O 13. Ba6 Nc5 14.
Qc2 Bxa6 15. O-O-O Bd3 16. Nf3 Bxc2 17. Kxc2 Ne4 18.
Nd4 Nf2 19. Nxc6 Qc7 20. Nd4 Nxh1 0-1

[Event "*** Monthly 3|2 Blitz Masters"]
[Site "Chess.com"]
[Date "2014.11.25"]
[Round "1"]
[White "Dlugy"]
[Black "Philofive"]
[Result "1-0"]
[WhiteElo "2588"]
[BlackElo "2231"]
[TimeControl "180+2"]
[EndTime "11:04:27 PST"]
[Termination "Dlugy won by resignation"]

1. d4 Nf6 2. c4 g6 3. Nc3 Bg7 4. e4 d6 5. f3 O-O 6. Be3 c5 7.
Nge2 Nc6 8. d5 Ne5 9. Ng3 e6 10.
Be2 exd5 11. cxd5 a6 12. a4 Bd7 13. a5 b5 14. axb6 Qxb6 15. Rb1 Qb4 16. O-O Bb5 17.
Qc2 Rfb8 18. Kh1 h5 19. Nxb5 axb5 20. Bd2 Qa4 21. b3 Qa2 22. Rb2 Qa3 23. Rbb1 h4 24. f4 Ned7 25. e5 Ne8 26. e6 Ndf6 27. exf7+ Kxf7 28.
Ne4 Nxe4 29. Qxe4 Qa2 30. Qe6+ Kf8 31. f5 1-0

[Event "*** Monthly 3|2 Blitz Masters"]
[Site "Chess.com"]
[Date "2014.11.25"]
[Round "1"]
[White "GulamaliRises"]
[Black "bsmail"]
[Result "1-0"]
[WhiteElo "2428"]
[BlackElo "2107"]
[TimeControl "180+2"]
[EndTime "11:04:31 PST"]
[Termination "GulamaliRises won by resignation"]

1. e4 c5 2. d4 cxd4 3. c3 Nf6 4. e5 Nd5 5. Nf3 Nc6 6. Bc4 Nb6 7. Bb3 d5 8. exd6 Qxd6 9. O-O Be6 10. Na3 Bxb3 11. Qxb3 d3 12. Nb5 Qd8 13. Bf4 Rc8 14. Rad1 a6 15. Nbd4 Na5 16. Qa3 Nac4 17. Qb3 e5 18. Nxe5 Na5 1-0

[Event "*** Monthly 3|2 Blitz Masters"]
[Site "Chess.com"]
[Date "2014.11.25"]
[Round "1"]
[White "MattyDPerrine"]
[Black "David_Klein"]
[Result "0-1"]
[WhiteElo "2028"]
[BlackElo "2363"]
[TimeControl "180+2"]
[EndTime "11:04:37 PST"]
[Termination "David_Klein won by resignation"]

1. d4 Nf6 2. c4 e6 3. Nc3 c5 4. d5 exd5 5. cxd5 d6 6. Nf3 g6 7.
Nd2 Bg7 8. e4 O-O 9. Be2 a6 10.
a4 Re8 11. O-O Qe7 12. f3 Nbd7 13. Nc4 Ne5 14. f4 Nxc4 15. Bxc4 Nxe4 16. Ne2 Bg4 17. Qc2 Bxe2 18. Qxe2 Bd4+ 19. Kh1 Ng3+ 20. hxg3 Qxe2 21. Bxe2 Rxe2 22. Rb1 b5 23. b3 f5 0-1

[Event "*** Monthly 3|2 Blitz Masters"]
[Site "Chess.com"]
[Date "2014.11.25"]
[Round "1"]
[White "minnesotachessmaster"]
[Black "promen1999"]
[Result "0-1"]
[WhiteElo "1925"]
[BlackElo "2316"]
[TimeControl "180+2"]
[EndTime "11:05:08 PST"]
[Termination "promen1999 won by resignation"]

1. d4 f5 2. Nc3 d5 3. Nf3 c6 4. Ne5 Nf6 5. Bg5 Nbd7 6. Nxd7 Bxd7 7. e3 h6 8. Bxf6 exf6 9. Qh5+ Ke7 10. Bd3 Qe8 11.
Qf3 g6 12. h4 h5 13. O-O-O Kf7 14.
Rde1 Bb4 15. a3 Ba5 16. b4 Bc7 17. Ne2 a5 18. Kd2 axb4 19. axb4 Qe7 20. c3 Ra2+ 21.
Bc2 Rha8 22. Nf4 Qe4 23. Qxe4 fxe4 24. f3 Bf5 25. g4 hxg4 26. fxg4 Bxg4 27. h5 gxh5 28.
Nxh5 Rh8 29. Nf4 Rxh1 30. Rxh1 Bxf4 31. exf4 e3+ 32. Kc1 Ra1+ 33. Bb1 Bf5 34. Kb2 Rxb1+ 35. Rxb1 Bxb1 36. Kxb1 Ke6 37. Kc2 Kf5 38. Kd3 Kxf4 39. Ke2 Ke4 0-1

[Event "*** Monthly 3|2 Blitz Masters"]
[Site "Chess.com"]
[Date "2014.11.25"]
[Round "1"]
[White "Bab3s"]
[Black "rhungaski"]
[Result "0-1"]
[WhiteElo "2112"]
[BlackElo "2422"]
[TimeControl "180+2"]
[EndTime "11:06:23 PST"]
[Termination "rhungaski won by resignation"]

1. e4 d6 2. d4 Nf6 3. Nc3 e5 4. Nf3 Nbd7 5. Bc4 Be7 6. O-O O-O 7. a4 a5 8. h3 c6 9. Re1 exd4 10. Nxd4 Nc5 11. Bf4 Be6 12. Nxe6 fxe6 13. e5 Ne8 14.
exd6 Rxf4 15. dxe7 Qxe7 16. Ba2 Nc7 17. Qd2 Raf8 18. f3 Qf6 19. Rad1 Qe7 20. Qe3 Kh8 21.
Rd4 Rxd4 22. Qxd4 Rd8 23. Qe3 h6 24. Re2 Qd6 25. Ne4 Nxe4 26. Qxe4 Qg3 27. Re1 Rd2 0-1

[Event "*** Monthly 3|2 Blitz Masters"]
[Site "Chess.com"]
[Date "2014.11.25"]
[Round "1"]
[White "alexsuper1987"]
[Black "Baggio95"]
[Result "0-1"]
[WhiteElo "2045"]
[BlackElo "2369"]
[TimeControl "180+2"]
[EndTime "11:07:05 PST"]
[Termination "Baggio95 won by resignation"]

1. e4 e5 2. d4 exd4 3. Nf3 Nc6 4. c3 d5 5. exd5 Qxd5 6. cxd4 Bg4 7. Be2 Bb4+ 8. Nc3 Nf6 9. O-O Bxc3 10. bxc3 O-O 11. h3 Bh5 12. Be3 Na5 13. Ne5 Bxe2 14. Qxe2 Rfe8 15. Rab1 b6 16. Rfc1 c5 17. Rb5 Nd7 18.
Nxd7 Qxd7 19. dxc5 f5 20. cxb6 axb6 21. a4 f4 22. Qa2+ Kh8 23. Bxb6 Nc6 24. Qb3 f3 25.
Rd1 Qc8 26. Rg5 fxg2 27. Qf7 Re7 28. Qf3 Qe8 29. Qxc6 Qxc6 30. Bd4 Qxa4 31. Rd3 Qc4 32. Rdg3 Qf1+ 0-1

[Event "*** Monthly 3|2 Blitz Masters"]
[Site "Chess.com"]
[Date "2014.11.25"]
[Round "1"]
[White "jlandaw"]
[Black "Yaacovn"]
[Result "1-0"]
[WhiteElo "2277"]
[BlackElo "2588"]
[TimeControl "180+2"]
[EndTime "11:07:14 PST"]
[Termination "jlandaw won on time"]

1. e4 c6 2. Nf3 d5 3. Nc3 dxe4 4. Nxe4 Nf6 5. Nxf6+ gxf6 6. d4 Bg4 7. Bf4 e6 8. Be2 Bd6 9. Qd2 Qc7 10. Bg3 Nd7 11.
O-O-O O-O-O 12. Qh6 f5 13. Rhe1 Rdg8 14. Bxd6 Qxd6 15.
h3 Rg6 16. Qh4 Qf4+ 17. Kb1 Rh6 18. Qe7 Bh5 19. Ne5 Nxe5 20. dxe5 Bg6 21. Ba6 bxa6 22. Rd7 Qxf2 23. Rc7+ Kb8 24. Rd1 1-0

[Event "*** Monthly 3|2 Blitz Masters"]
[Site "Chess.com"]
[Date "2014.11.25"]
[Round "1"]
[White "Byniolus"]
[Black "Mvpag"]
[Result "1-0"]
[WhiteElo "2316"]
[BlackElo "1880"]
[TimeControl "180+2"]
[EndTime "11:07:22 PST"]
[Termination "Byniolus won by resignation"]

1. d4 d5 2. Nf3 e6 3. Bf4 Bd6 4.
Bg3 Nf6 5. Nbd2 O-O 6. e3 a6 7.
Bd3 c5 8. c3 Nc6 9. Ne5 Ne7 10.
Qc2 Ng6 11. f4 Nh5 12. Bf2 f5 13. g4 Nf6 14. gxf5 exf5 15. Bxf5 Bxf5 16. Qxf5 Bxe5 17. dxe5 Ne4 18. Qe6+ Kh8 19. Nxe4 dxe4 20. Rd1 Qa5 21. a3 Qb5 22. b4 a5 23. c4 Qa4 24. b5 Qxa3 25.
O-O Qb2 26. Qd5 b6 27. Qxe4 Rae8 28. Rd6 Ne7 29. Rxb6 Nf5 30. Ra6 Qb4 31. Ra1 Rd8 32. R6xa5 Rd2 33. Qxf5 Rfd8 34. Ra8 Rd1+ 35. Kg2 Qd2 36.
Qf8+ 1-0

[Event "*** Monthly 3|2 Blitz Masters"]
[Site "Chess.com"]
[Date "2014.11.25"]
[Round "1"]
[White "FrankieJay"]
[Black "thegormacle"]
[Result "0-1"]
[WhiteElo "2180"]
[BlackElo "2488"]
[TimeControl "180+2"]
[EndTime "11:07:32 PST"]
[Termination "thegormacle won by checkmate"]

1. e4 c5 2. Nf3 d6 3. d4 cxd4 4. Nxd4 Nf6 5. Nc3 a6 6. Bg5 e6 7. f4 Nc6 8. Nxc6 bxc6 9. e5 h6 10. Bh4 g5 11. fxg5 Nd5 12. Ne4 Qb6 13. c3 Qe3+ 14. Qe2 hxg5 15. Bxg5 Qxe2+ 16. Bxe2 dxe5 17. c4 Bb4+ 18. Kd1 f5 19. cxd5 cxd5 20. Ng3 Be7 21. Bxe7 Kxe7 22. Rc1 Kd6 23. h4 Bd7 24. Nf1 Rag8 25. g3 f4 26. gxf4 exf4 27. Nd2 e5 28. Ke1 e4 29. Nb3 f3 30. Bxa6 Rg2 31. Nd4 Rxb2 32.
h5 Rg8 33. Bf1 Ke5 34. Nc2 d4 35. Nxd4 Kxd4 36. Rd1+ Ke3 37. Rxd7 Rb1+ 38. Rd1 f2# 0-1

[Event "*** Monthly 3|2 Blitz Masters"]
[Site "Chess.com"]
[Date "2014.11.25"]
[Round "1"]
[White "DanielRensch"]
[Black "WanderingPuppet"]
[Result "1-0"]
[WhiteElo "2354"]
[BlackElo "2016"]
[TimeControl "180+2"]
[EndTime "11:07:34 PST"]
[Termination "DanielRensch won by resignation"]

1. e4 c5 2. Nf3 d6 3. b3 a6 4. Bb2 e5 5. c3 Nc6 6. h3 Be7 7. Bd3 Nf6 8. Qe2 O-O 9. O-O Re8 10. Bc2 h6 11. a4 Be6 12. Na3 d5 13. exd5 Nxd5 14.
Nc4 Nf4 15. Qe4 f5 16. Qe3 Nd5 17. Qe1 e4 18. d3 b5 19. dxe4 Nf4 20. exf5 Bd5 21. Ncd2 Bh4 22. Qd1 Re2 23. axb5 axb5 24. Rxa8 Qxa8 25. c4 Nd4 26. cxd5 Nxf3+ 27. Nxf3 Bxf2+ 28. Rxf2 Rxf2 29. Kxf2 1-0

[Event "*** Monthly 3|2 Blitz Masters"]
[Site "Chess.com"]
[Date "2014.11.25"]
[Round "1"]
[White "hitaman"]
[Black "gumersindo"]
[Result "1-0"]
[WhiteElo "2371"]
[BlackElo "2034"]
[TimeControl "180+2"]
[EndTime "11:07:40 PST"]
[Termination "hitaman won by resignation"]

1. e4 e6 2. d4 d5 3. Nd2 Nf6 4. e5 Nfd7 5. Bd3 c5 6. c3 Nc6 7. Ne2 a5 8. O-O a4 9. Nf3 Be7 10. g3 a3 11. bxa3 c4 12. Bb1 Bxa3 13. Bg5 Qa5 14. Qc2 b5 15. Nf4 Qa4 16. Qe2 Nf8 17.
Nh5 Rg8 18. Bf6 g6 19. Ng7+ Kd7 20. Ng5 Nd8 21. Bxd8 Rxg7 22. Bf6 Rg8 23. Nxf7 Ke8 24. Nd6+ Kd7 25. Bg5 Bxd6 26. exd6 Kc6 27. Bc2 Qa5 28. a4 b4 29. cxb4 Qxb4 30. Rab1 Qc3 31. Rfc1 Qxd4 32. Be3 Qf6 33. a5 Rxa5 34. Rb6+ Kd7 35. Qd2 Ra1 36. Kg2 Ke8 37. Bd4 Qd8 38. Rxa1 Qxb6 39. Bxb6 1-0

[Event "*** Monthly 3|2 Blitz Masters"]
[Site "Chess.com"]
[Date "2014.11.25"]
[Round "1"]
[White "MoreChessJulia"]
[Black "bugsbunny444"]
[Result "0-1"]
[WhiteElo "1873"]
[BlackElo "2310"]
[TimeControl "180+2"]
[EndTime "11:07:41 PST"]
[Termination "bugsbunny444 won by resignation"]

1. d4 e6 2. c4 b6 3. Nc3 Bb7 4. f3 f5 5. a3 Nf6 6. Qc2 Nc6 7. e3 Be7 8. Bd3 O-O 9. b3 Qe8 10. Nge2 Nd8 11. Bb2 Nf7 12. h4 g6 13. O-O-O a6 14. b4 c5 15. dxc5 bxc5 16. b5 Ne5 17. Nf4 Nxd3+ 18.
Qxd3 axb5 19. Nxb5 Qb8 20. Qc3 Bc6 21. Qb3 e5 22. Nd5 Nxd5 23. cxd5 Bxb5 24. d6+ c4 25. Qb4 Bf6 26. f4 Ba4 27. Rd5 Qxb4 28. axb4 exf4 29. Bxf6 Rxf6 30. exf4 Ra6 31. Re1 Raxd6 32. Rxd6 Rxd6 33. Re7 c3 34. Re1 c2 0-1

[Event "*** Monthly 3|2 Blitz Masters"]
[Site "Chess.com"]
[Date "2014.11.25"]
[Round "1"]
[White "juniortay"]
[Black "gmjlh"]
[Result "1/2-1/2"]
[WhiteElo "2212"]
[BlackElo "2500"]
[TimeControl "180+2"]
[EndTime "11:07:56 PST"]
[Termination "Game drawn by repetition"]

1. e4 e5 2. Nc3 Nf6 3. f4 d5 4.
fxe5 Nxe4 5. Nf3 Bb4 6. Qe2 Bxc3 7. bxc3 O-O 8. Bb2 Nd7 9. d3 Ng5 10. O-O-O Nxf3 11. gxf3 Qg5+ 12. Kb1 Qxe5 13. Qg2 Nb6 14. Rg1 Na4 15. d4 Qf6 16. Bd3 g6 17. Ka1 Nxb2 18.
Kxb2 Bf5 19. h4 Bxd3 20. Rxd3 Rae8 21. h5 Re6 22. hxg6 fxg6 23. f4 Re4 24. Rg3 Rfe8 25.
Rg5 Rxf4 26. Qxd5+ Kh8 27. Qxb7 Qf7 28. Rc5 Re7 29. Rgg5 Rf1 30. Rge5 Rxe5 31. dxe5 Qf4 32. Qa8+ Kg7 33. Rxc7+ Kh6 34. Qg8 Qc1+ 35. Kb3 Qb1+ 36.
Ka3 Qc1+ 37. Kb3 Qb1+ 38. Ka3 Qc1+ 39. Kb3 1/2-1/2

[Event "*** Monthly 3|2 Blitz Masters"]
[Site "Chess.com"]
[Date "2014.11.25"]
[Round "1"]
[White "Quinten94"]
[Black "grandmastergauri"]
[Result "0-1"]
[WhiteElo "1967"]
[BlackElo "2351"]
[TimeControl "180+2"]
[EndTime "11:07:58 PST"]
[Termination "grandmastergauri won by resignation"]

1. e4 c6 2. Nc3 d5 3. Nf3 dxe4 4. Nxe4 Bf5 5. Ng3 Bg6 6. h4 f6 7. h5 Bf7 8. d4 e5 9. dxe5 Qxd1+ 10. Kxd1 Nd7 11. exf6 Ngxf6 12. c3 Ng4 13. Be3 Nxe3+ 14. fxe3 Bc5 15. Bd3 O-O-O 16. Ke2 Rhe8 17. e4 Nf6 18. Ng5 Bg8 19. h6 gxh6 20. Rxh6 Ng4 21. Rh4 Ne5 22. Bc2 Bc4+ 23. Ke1 Be3 24. Nf3 Nxf3+ 25. gxf3 Rd2 26. Bb3 Bxb3 27. axb3 Red8 28. Rg4 Rxb2 29. Nf5 Bd2+ 30. Kf1 Bxc3 31. Rg2 Rxg2 0-1

[Event "*** Monthly 3|2 Blitz Masters"]
[Site "Chess.com"]
[Date "2014.11.25"]
[Round "1"]
[White "stepanosinovsky"]
[Black "Vandros57"]
[Result "1-0"]
[WhiteElo "2307"]
[BlackElo "1808"]
[TimeControl "180+2"]
[EndTime "11:08:07 PST"]
[Termination "stepanosinovsky won on time"]

1. e4 c5 2. Nf3 d6 3. d4 cxd4 4. Nxd4 Nf6 5. Nc3 e5 6. Bb5+ Nbd7 7. Nf5 a6 8. Ba4 b5 9. Bb3 Nc5 10. O-O Bxf5 11. exf5 Be7 12. Bd5 Nxd5 13. Nxd5 O-O 14. Be3 Rc8 15. Qg4 Kh8 16. Rad1 Bf6 17. c3 Re8 18. Bc1 e4 19. Rfe1 Be5 20. Be3 Nd3 21. Re2 Rc6 22. Bg5 f6 23. Bf4 Nxf4 24. Nxf4 Bxf4 25. Qxf4 d5 26. h3 Rd6 27. Rd4 Re5 28.
g4 Qd7 29. Red2 h6 30. b3 Qc6 31. c4 bxc4 32. bxc4 Rd8 33. Qe3 Re7 34. cxd5 Qd6 35.
Rxe4 Rxe4 36. Qxe4 Rc8 37. Kg2 Rb8 38. Qe6 Qf4 39.
Re2 Kh7 40. d6 Rb1 41. Qe8 1-0

[Event "*** Monthly 3|2 Blitz Masters"]
[Site "Chess.com"]
[Date "2014.11.25"]
[Round "1"]
[White "AungTZ"]
[Black "jcibarra"]
[Result "1-0"]
[WhiteElo "2182"]
[BlackElo "2429"]
[TimeControl "180+2"]
[EndTime "11:08:22 PST"]
[Termination "AungTZ won by resignation"]

1. e4 c5 2. Nf3 e6 3. d4 cxd4 4. Nxd4 a6 5. Nc3 b5 6. a3 Bb7 7. Bd3 Qb6 8. Be3 Bc5 9. Nce2 Nc6 10. c3 Qa7 11. b4 Bb6 12. a4 bxa4 13. Qxa4 Nf6 14.
Qc2 Nxd4 15. cxd4 Rc8 16. Qb1 Ng4 17. O-O Nxe3 18. fxe3 Ra8 19. e5 h6 20. Be4 O-O 21.
Kh1 Bxe4 22. Qxe4 Rac8 23. Ng3 Qa8 24. Qd3 f5 25. exf6 Rf7 26. fxg7 Rxg7 27. Rxa6 Qb7 28. Ra2 Qd5 29. Raf2 Qg5 30. Ne4 Qh4 31. Nf6+ Kh8 32.
Rf4 Qg5 33. Rg4 Qf5 34. Rxf5 exf5 35. Rf4 Rg5 36. h3 Bc7 37. Rf1 Bd6 38. Nd5 Rcg8 39. Rf2 Ra8 40. Nf4 Ra1+ 41. Kh2 Ra3 42. Qxa3 1-0

[Event "*** Monthly 3|2 Blitz Masters"]
[Site "Chess.com"]
[Date "2014.11.25"]
[Round "1"]
[White "Sebastian"]
[Black "IMLevAltounian"]
[Result "1-0"]
[WhiteElo "2523"]
[BlackElo "2203"]
[TimeControl "180+2"]
[EndTime "11:08:30 PST"]
[Termination "Sebastian won by resignation"]

1. e4 d6 2. d4 Nf6 3. Nc3 e5 4.
Nf3 exd4 5. Nxd4 Be7 6. Bf4 O-O 7. Qd2 Nc6 8. O-O-O Nxd4 9. Qxd4 Be6 10. Kb1 Nd7 11. Nd5 Bxd5 12. Qxd5 Rb8 13. Bc1 Re8 14. f3 Bf8 15. h4 c6 16. Qd2 b5 17. h5 h6 18. Be2 Ne5 19. g4 Nc4 20. Qd4 d5 21. Bd3 Ne5 22. exd5 Qxd5 23. Qxd5 cxd5 24. Rhf1 Bc5 25.
b3 a6 26. Bb2 Rbd8 27. Bf5 d4 28. f4 Nc6 29. g5 hxg5 30. fxg5 Re5 31. g6 fxg6 32.
hxg6 Ne7 33. Bd3 Rd6 34. a4 Bb6 35. axb5 axb5 36. Ba3 Bc5 37. Bc1 Nxg6 38. Bxb5 Rf6 39. Bc4+ Kf8 40. Rh1 Nf4 41. Rdg1 g5 42. Rf1 Kg7 43.
Rhg1 d3 44. Rg4 dxc2+ 45. Kxc2 Ref5 46. Rfxf4 Rxf4 47. Bxf4 1-0

[Event "*** Monthly 3|2 Blitz Masters"]
[Site "Chess.com"]
[Date "2014.11.25"]
[Round "1"]
[White "jup1978"]
[Black "GMHess"]
[Result "0-1"]
[WhiteElo "2122"]
[BlackElo "2435"]
[TimeControl "180+2"]
[EndTime "11:08:36 PST"]
[Termination "GMHess won by resignation"]

1. e4 g6 2. d4 Bg7 3. Nf3 c6 4. c3 d5 5. Bd3 dxe4 6. Bxe4 Nf6 7.
Bd3 O-O 8. O-O Nbd7 9. Re1 c5 10. dxc5 Nxc5 11. Bc2 Bg4 12. Nbd2 Nd3 13. Bxd3 Qxd3 14. Qe2 Qxe2 15. Rxe2 e6 16. h3 Bf5 17. Nd4 Bd3 18. Re1 Rfd8 19. N2f3 h6 20. Ne5 Ba6 21.
Be3 Nd5 22. Nef3 Nxe3 23. Rxe3 Rd5 24. Ree1 e5 25. Nb3 Rad8 26. Rac1 Bc4 27. Ra1 f5 28. Rac1 a5 29. Rc2 e4 30. Nfd4 a4 31. Nc1 Bxd4 32.
cxd4 Rxd4 33. Ne2 Bxe2 34. Rexe2 R8d7 35. f3 exf3 36. gxf3 Kf7 37. Kf2 Kf6 38. Rc5 Rb4 39. Rce5 Rd6 40. Re8 Kg5 41. Rc8 Rdb6 42. Rcc2 Kh4 43. Kg2 Rf4 44. Rc3 Rfb4 45. Rcc2 f4 46.
Red2 R6b5 47. Kh2 Rg5 48. Rg2 Rd4 49. Rg4+ Rxg4 50. hxg4 b5 51. Kg2 b4 52. Re2 b3 53.
axb3 axb3 54. Kf1 Kg3 55. Rg2+ Kxf3 56. Rf2+ Kxg4 0-1

[Event "*** Monthly 3|2 Blitz Masters"]
[Site "Chess.com"]
[Date "2014.11.25"]
[Round "1"]
[White "wonderfultime"]
[Black "VSERGUEI"]
[Result "1-0"]
[WhiteElo "2515"]
[BlackElo "2135"]
[TimeControl "180+2"]
[EndTime "11:08:39 PST"]
[Termination "wonderfultime won by checkmate"]

1. d4 d5 2. c4 c6 3. Nc3 Nf6 4. e3 a6 5. Nf3 b5 6. cxd5 cxd5 7.
Bd3 Bb7 8. Ne5 e6 9. f4 Be7 10. O-O O-O 11. a3 Nbd7 12. Bd2 Nb6 13. Rf3 Nc4 14. Rb1 Ne4 15. Be1 f6 16. Nxc4 Nxc3 17.
bxc3 dxc4 18. Bxc4 Bxf3 19. Bxe6+ Kh8 20. Qxf3 Bxa3 21. e4 b4 22. Bd5 Rc8 23. cxb4 Rc1 24. Rxc1 Bxc1 25. g3 Qb6 26. Qc3 f5 27. Qxc1 Qxd4+ 28. Bf2 Qxb4 29. Bc5 Rc8 30. Bxb4 Rxc1+ 31. Kf2 fxe4 32.
Ke3 a5 33. Bd2 Rc5 34. Kxe4 a4 35. Bb4 Rc2 36. f5 Rxh2 37. Bc3 h5 38. Kf4 a3 39. Kg5 Kh7 40. Be4 Kg8 41. Kg6 a2 42. Bd5+ Kf8 43.
Bxg7+ Ke7 44. f6+ Kd6 45. f7 Rf2 46. Bxa2 Ke7 47. f8=Q+ Rxf8 48. Bxf8+ Kxf8 49. Kxh5 Kg7 50. g4 Kh8 51. g5 Kg7 52. Bb1 Kf8 53. Kh6 Kg8 54.
g6 Kh8 55. g7+ Kg8 56. Ba2# 1-0

[Event "*** Monthly 3|2 Blitz Masters"]
[Site "Chess.com"]
[Date "2014.11.25"]
[Round "1"]
[White "DatsFunny"]
[Black "liczner"]
[Result "0-1"]
[WhiteElo "2095"]
[BlackElo "2406"]
[TimeControl "180+2"]
[EndTime "11:09:02 PST"]
[Termination "liczner won by resignation"]

1. e4 c6 2. Nf3 d5 3. Nc3 Bg4 4. h3 Bh5 5. g4 Bg6 6. exd5 cxd5 7. d4 Nc6 8. Bb5 e6 9. Ne5 Rc8 10. h4 f6 11. Nxg6 hxg6 12. Qd3 Kf7 13. h5 gxh5 14. gxh5 Nge7 15. Bxc6 Rxc6 16. Qg3 Qb6 17. Ne2 Rxc2 18. Qd3 Rc6 19. b3 Nf5 20. Bb2 Bb4+ 21. Kf1 Qa6 22. Qxa6 Rxa6 23. a3 Bd6 24. Kg2 Rc8 25.
Rhc1 Rac6 26. Rxc6 Rxc6 27. Rc1 Rxc1 28. Bxc1 e5 29.
Bb2 e4 30. Nc3 Ke6 31. Ne2 Nh4+ 32. Kh3 Nf3 33. Kg4 f5+ 34. Kh3 Kf6 35. Bc1 Ne1 36. Nf4 Bxf4 37. Bxf4 Nd3 38. Bb8 Nxf2+ 39. Kg2 Nd3 40.
Bxa7 f4 41. Bb8 Kf5 42. a4 Kg4 43. a5 e3 44. Bd6 f3+ 0-1

[Event "*** Monthly 3|2 Blitz Masters"]
[Site "Chess.com"]
[Date "2014.11.25"]
[Round "1"]
[White "lorcho"]
[Black "alturas_pacificas"]
[Result "1-0"]
[WhiteElo "2376"]
[BlackElo "2041"]
[TimeControl "180+2"]
[EndTime "11:09:02 PST"]
[Termination "lorcho won by checkmate"]

1. e4 e5 2. Nf3 Nf6 3. Nc3 Nc6 4. g3 Bc5 5. Bg2 d6 6. d3 h6 7. O-O a6 8. Be3 Be6 9. d4 exd4 10. Nxd4 Nxd4 11. Bxd4 O-O 12. Bxc5 dxc5 13. e5 Nd7 14. Bxb7 Ra7 15. Bd5 Nxe5 16. f4 Bg4 17. Bxf7+ Nxf7 18. Qxg4 Qd4+ 19. Kh1 Qb4 20. Rab1 c6 21.
Rfe1 Rd8 22. Re4 c4 23. Qe6 Rad7 24. Qxc4 Qa5 25. Rbe1 Kh7 26. Qxc6 Qh5 27. Re7 Rd2 28. Qe4+ Kg8 29. Re8+ Rxe8 30. Qxe8+ Kh7 31. Qe4+ Kg8 32. Re2 Rxe2 33. Qxe2 Qc5 34. Qe8+ Kh7 35. Qe4+ Kg8 36. Kg2 Qc7 37. Nd5 Qd7 38. c4 Nd6 39. Qd3 Qe6 40.
b3 Nf5 41. Qxf5 Qe2+ 42. Kh3 Qf1+ 43. Kh4 Qf2 44. Ne7+ Kh8 45. Qf8+ Kh7 46. Qg8# 1-0

[Event "*** Monthly 3|2 Blitz Masters"]
[Site "Chess.com"]
[Date "2014.11.25"]
[Round "1"]
[White "RitvarsReimanis"]
[Black "GMBenjaminBok"]
[Result "0-1"]
[WhiteElo "2246"]
[BlackElo "2605"]
[TimeControl "180+2"]
[EndTime "11:09:13 PST"]
[Termination "GMBenjaminBok won by resignation"]

1. d4 Nf6 2. Nf3 g6 3. g3 Bg7 4. Bg2 O-O 5. O-O d6 6. Nc3 Nbd7 7. Bg5 h6 8. Bf4 c6 9. a4 Qc7 10. Qc1 Kh7 11. Rd1 e5 12. dxe5 dxe5 13. Be3 Re8 14.
a5 Ng4 15. Ne4 Nxe3 16. Qxe3 Nf6 17. Nfd2 Nd5 18. Qc5 Be6 19. Qd6 Rad8 20. Qxc7 Nxc7 21. Nc5 Bc8 22. Nc4 Nd5 23. c3 Bf8 24. Ne4 f5 25. Ned2 e4 26. Nf1 Be6 27. Nfe3 Nxe3 28. Nxe3 Bb3 29. Rxd8 Rxd8 30. f3 Bc5 31. Kf2 exf3 32.
Bxf3 Re8 33. a6 Bxe3+ 34. Kg2 bxa6 35. Rxa6 Bd5 36. h4 Rb8 37. c4 Bxf3+ 38. Kxf3 Bb6 39.
b4 c5 40. bxc5 Bxc5 41. Rc6 Rb3+ 42. Kf4 Bf2 43. e3 Rxe3 44. h5 gxh5 45. Kxf5 Rxg3 46. c5 Rg5+ 47. Kf4 Bxc5 48. Ra6 Bb6 0-1

[Event "*** Monthly 3|2 Blitz Masters"]
[Site "Chess.com"]
[Date "2014.11.25"]
[Round "1"]
[White "AverageRecord"]
[Black "AlmirDzhumaev"]
[Result "1-0"]
[WhiteElo "2602"]
[BlackElo "2248"]
[TimeControl "180+2"]
[EndTime "11:09:14 PST"]
[Termination "AverageRecord won by resignation"]

1. d4 d5 2. Nc3 e6 3. Bf4 Nf6 4. e3 Bd6 5. Nf3 a6 6. Bd3 b5 7. O-O Bb7 8. Ne5 O-O 9. a4 b4 10. Ne2 a5 11. c4 dxc4 12. Nxc4 Bxf4 13. Nxf4 Nbd7 14. Rc1 c5 15. Nd6 Ba6 16. Bxa6 Rxa6 17. Nb7 Qb8 18. Nxc5 Rd6 19. Nxd7 Rxd7 20. Nd3 Rd5 21.
Rc5 Rfd8 22. Qf3 Rxc5 23. Nxc5 h6 24. Qg3 Qb6 25. Rc1 Qc6 26. b3 Ne4 27. Qf3 f5 28.
h4 Kh7 29. h5 Qd5 30. Nxe4 fxe4 31. Qd1 Rf8 32. Rc5 Qd8 33. Qg4 Kh8 34. Qxe4 Qf6 35. Qf3 Qe7 36. Qg3 Rg8 37. Rxa5 Qf7 38. Qg6 Qc7 39. Rc5 Qb7 40. Qxe6 Rf8 41. Rf5 Rc8 42. Rf7 Rc1+ 43. Kh2 Qb8+ 44. Qe5 Qg8 45. Rb7 Qf8 46. Rb8 Rc8 47. Rxc8 Qxc8 48. a5 Qc3 49. a6 Qxb3 50. a7 Qa4 51. Qb8+ Kh7 52. a8=Q 1-0

[Event "*** Monthly 3|2 Blitz Masters"]
[Site "Chess.com"]
[Date "2014.11.25"]
[Round "1"]
[White "josiwales"]
[Black "162a54f5d"]
[Result "0-1"]
[WhiteElo "1773"]
[BlackElo "2267"]
[TimeControl "180+2"]
[EndTime "11:09:14 PST"]
[Termination "162a54f5d won by resignation"]

1. e4 e5 2. Nf3 Nc6 3. Bb5 a6 4. Ba4 Nf6 5. O-O Be7 6. Re1 b5 7.
Bb3 d6 8. c3 O-O 9. d3 Na5 10.
Bc2 c5 11. h3 Nd7 12. Be3 Nb6 13. Nbd2 Nc6 14. Nf1 Re8 15. Ng3 d5 16. Bd2 Bf8 17.
exd5 Nxd5 18. Ne4 f6 19. Bb3 Be6 20. Qc2 Qd7 21. Rad1 Rad8 22. Ng3 Qf7 23. Nh2 Nb6 24. Bxe6 Rxe6 25. Ng4 Red6 26. Nf5 Qb7 27. Nxd6 Rxd6 28. Be3 Rd7 29. h4 Qc8 30. h5 h6 31. Bxh6 Rd6 32. Bxg7 Qxg4 33. Bxf8 Kxf8 34. Qe2 Qxe2 35. Rxe2 Nd5 36.
g3 Nce7 37. Kg2 Nf5 38. Rh1 Nh6 39. Re4 Ne7 40. Rd1 Nc6 41. g4 Nf7 42. f3 Ng5 43.
Re2 Ne6 44. Kg3 Nf4 45. Red2 Kf7 46. Kh4 Rd8 47. b3 Ke6 48. c4 b4 49. Kg3 Nd4 50. Re1 Rg8 51. Kf2 f5 52. Re3 fxg4 53. fxg4 Rxg4 54.
Rg3 Rh4 55. Kg1 Nde2+ 56. Rxe2 Nxe2+ 0-1

[Event "*** Monthly 3|2 Blitz Masters"]
[Site "Chess.com"]
[Date "2014.11.25"]
[Round "1"]
[White "ameet100"]
[Black "pKiLz5Rn9b"]
[Result "1-0"]
[WhiteElo "2437"]
[BlackElo "2164"]
[TimeControl "180+2"]
[EndTime "11:09:30 PST"]
[Termination "ameet100 won by resignation"]

1. Nf3 Nf6 2. g3 e6 3. Bg2 d5 4. O-O Be7 5. d3 O-O 6. Nbd2 c5 7. e4 Nc6 8. Re1 b5 9. Qe2 a5 10. h4 b4 11. e5 Nd7 12. Nf1 Ba6 13. Bf4 c4 14.
Ne3 cxd3 15. cxd3 Nc5 16. Rad1 b3 17. a3 Qb6 18. Ng5 h6 19. Nf3 f5 20. exf6 Bxf6 21.
Ng4 Rae8 22. Bd6 Rf7 23. Qe3 Na4 24. Qxb6 Nxb6 25. Nxf6+ Rxf6 26. Ne5 Nxe5 27. Bxe5 Rf7 28. Bc3 Na4 29. Bxd5 Nc5 30. d4 Rd8 31. Bxe6 Nxe6 32.
Rxe6 Bc4 33. Re5 a4 34. Rde1 Rfd7 35. f3 Kf7 36. g4 Rc8 37. Kf2 Rc6 38. Kg3 Re6 39.
Rf5+ Rf6 40. Rc5 Bd5 41. f4 Re6 42. Re5 Rxe5 43. dxe5 Ke6 44. f5+ Ke7 45. e6 Rd8 46. Bxg7 Be4 47. Bxh6 Rd3+ 48. Kf4 Bg2 49. Rc7+ Ke8 50.
Ke5 Bh3 51. Bg5 1-0